 Dungeon Crawl Stone Soup version 0.31-a0-361-g0f8bd3a31e (webtiles) character file.

Game seed: 13021017390770574073

52 AdnanSaban the Trooper (level 3, 0/24 HPs)
             Began as a Gargoyle Fighter on July 27, 2023.
             Slain by Sigmund
             ... wielding a +0 scythe
              (5 damage)
             ... on level 2 of the Dungeon.
             The game lasted 00:01:48 (1284 turns).

AdnanSaban the Trooper (Gargoyle Fighter)           Turns: 1284, Time: 00:01:48

Health: 0/24       AC: 12    Str: 21    XL:     3   Next: 85%
Magic:  3/3        EV:  7    Int:  8    God:
Gold:   156        SH:  4    Dex:  9    Spells: 2/2 levels left

rFire   . . .        a - +0 flail
rCold   . . .        c - +0 buckler
rNeg    + . .        i - +0 chain mail
rPois   ∞            (no helmet)
rElec   +            (no cloak)
rCorr   .            (no gloves)
SInv    .            (no boots)
Will    .....        (no amulet) Stlth
                     (no ring)
HPRegen 0.24/turn    (no ring)
MPRegen 0.08/turn

%: no passive effects
@: no status effects
A: sickness immunity, AC +3, negative energy resistance 1, electricity
resistance, torment resistance 1, petrification resistance
a: no special abilities


You were on level 2 of the Dungeon.
You visited 1 branch of the dungeon, and saw 2 of its levels.

You collected 156 gold pieces.

Inventory:

Hand Weapons
 a - a +0 flail (weapon)
Armour
 c - a +0 buckler (worn)
 i - a +0 chain mail (worn)
Scrolls
 b - 3 scrolls of fear {unknown}
 e - 2 scrolls of teleportation {unknown}
 f - 3 scrolls of enchant armour {unknown}
 g - a scroll of amnesia {unknown}
 h - a scroll of enchant weapon {unknown}
 j - 2 scrolls of vulnerability {unknown}
 k - a scroll of blinking {unknown}
Potions
 d - 2 potions of might


   Skills:
 + Level 3.7 Fighting
 + Level 2.9 Maces & Flails
 + Level 3.7 Armour
 + Level 0.1 Dodging
 + Level 3.6 Shields


You had 2 spell levels left.
You didn't know any spells.
Your spell library was empty.

Dungeon Overview and Level Annotations

Branches:
Dungeon (2/15)

Altars:

Shops:
D:1 (=*(:   D:2 [

Annotations:
D:2 Sigmund


Innate Abilities, Weirdness & Mutations

You are immune to sickness and miasma.
Your stone body is resilient. (AC +3)
You are immune to poison.
You resist negative energy. (rN+)
You are resistant to electric shocks. (rElec)
You are resistant to unholy torment.
You are immune to petrification.


Message History

You closely miss Sigmund.
Sigmund is moderately wounded.
Sigmund points at you and mumbles some strange words.
You are more confused.
You bump into the rock wall.
Sigmund looks more healthy.
Sigmund barely misses you.
You see here a sapphire potion.
You bump into the rock wall.
Sigmund mumbles some strange words.
Sigmund flickers and vanishes!
Deactivating autopickup; reactivate with Ctrl-A.
Something hits you.
You miss something.
You hear some strange, mumbled words.
A puff of flame appears from out of thin air!
The puff of flame hits you!
* * * LOW HITPOINT WARNING * * *
You barely miss something. Something hits you but does no damage.
You barely miss something. Something hits you but does no damage.
You miss something.
You feel less confused. Something hits you but does no damage.
You closely miss something. You block something's attack.
You closely miss something. You hit something.
Something hits you but does no damage.
You miss something.
You hear some strange, mumbled words.
Something tries to affect you, but you resist.
You miss something.
You hear some strange, mumbled words.
A puff of flame appears from out of thin air!
The puff of flame hits you.
* * * LOW HITPOINT WARNING * * *
Something hits you but does no damage.
You closely miss something. Something hits you but does no damage.
You closely miss something. You miss something.
Something hits you but does no damage.
You miss something. Something hits you but does no damage.
You closely miss something. Something hits you.
You die...

##### ..... ..... ###
##### .. #.# #...# #.#
##...## #.# #)
##.....##########.#
#.# ####
#.##.......#...!@....#
#.# #...
#.#[...........{..(.(#
#.# #.##
#..........#.#######.#
#.# #{# ..........##<#
#.# #.# #.#
.............# #{# #.#
#.# ........†##### #.#
##.###.## .........#
#.####........
........##
########.........#...
##.....##
...................##


There were no monsters in sight!

Vanquished Creatures
  2 adders (D:2)
  3 ball pythons
  4 endoplasms (D:1)
  2 giant cockroaches
  3 hobgoblins (D:2)
  3 kobolds
  2 quokkas
  2 bats (D:1)
  3 frilled lizards (D:1)
  4 goblins (D:1)
  2 rats (D:1)
30 creatures vanquished.

Notes
Turn   | Place    | Note
-------+----------+-------------------------------------------
     0 | D:1      | AdnanSaban the Gargoyle Fighter began the quest for the
                  | Orb.
     0 | D:1      | Reached XP level 1. HP: 14/14 MP: 1/1
    81 | D:1      | Found Feott's Assorted Antiques.
    98 | D:1      | Reached XP level 2. HP: 17/19 MP: 2/2
   201 | D:1      | Found Feith's Book Emporium.
   264 | D:1      | Found Geke's Antique Weapon Boutique.
   519 | D:1      | Found Reimiex's Weapon Emporium.
   563 | D:1      | Found Zaprin's Jewellery Shoppe.
   906 | D:2      | Reached XP level 3. HP: 23/24 MP: 3/3
   914 | D:2      | Found Cioc's Antique Armour Boutique.
  1210 | D:2      | Noticed Sigmund
  1284 | D:2      | Slain by Sigmund

Illustrated notes

Levels and vault maps discovered:
D:1:      lemuel_arrival_broad_hall, layout_basic, serial_shops, shop,
          nicolae_shop_bloodbath_and_beyond, shop, nicolae_shop_peninsula, shop
D:2:      layout_loops_ring, serial_shops, shop, kennysheep_generic_room_7,
          uniq_sigmund

Action                     || total
---------------------------++-------
  Melee: Flail             ||    99
  Throw: Dart              ||     6
 Armour: Scale mail        ||    26
         Chain mail        ||    40
  Dodge: Dodged            ||    36
  Block: Buckler           ||    17

Table legend: (Time is in decaauts)
 A = Elapsed time spent in this place.
 B = Non-inter-level travel time spent in this place.
 C = Inter-level travel time spent in this place.
 D = Time resting spent in this place.
 E = Time spent auto-exploring this place.
 F = Levels seen in this place.
 G = Mean time per level.
                   A        B        C        D        E       F      G
               +--------+--------+--------+--------+--------+-----+--------+
         Total |   1315 |   1291 |     24 |      0 |    963 |   2 |  657.5 |
       Dungeon |   1315 |   1291 |     24 |      0 |    963 |   2 |  657.5 |
               +--------+--------+--------+--------+--------+-----+--------+

Top non-repeatable levels by time:
     D:1: 914 daAuts
     D:2: 400 daAuts
